 Dungeon Crawl Stone Soup version 0.28-a0-984-g3775c662fe (webtiles) character file.

Game seed: 12858573783768241562

126 zeram the Covert (level 5, 0/34 HPs)
             Began as an Octopode Brigand on Dec 4, 2021.
             Slain by a hobgoblin (5 damage)
             ... led by Robin
             ... on level 2 of the Dungeon.
             The game lasted 00:02:35 (2357 turns).

zeram the Covert (Octopode Brigand)                 Turns: 2357, Time: 00:02:35

Health: 0/34       AC:  1    Str: 11    XL:     5   Next: 10%
Magic:  5/5        EV: 12    Int: 15    God:
Gold:   148        SH:  0    Dex: 13    Spells: 4/4 levels left

rFire   . . .      SeeInvis .   a - +2 dagger
rCold   . . .      Faith    .   (no shield)
rNeg    . . .      Spirit   .   (helmet restricted)
rPois   .          Reflect  .   (no amulet)
rElec   .          Harm     .   (no ring)
rCorr   .          Rampage  .   (no ring)
Will    .....                   (no ring)
Stlth   +++++.....              (no ring)
HPRegen 0.11/turn               (no ring)
MPRegen 0.09/turn               (no ring)
                                (no ring)
                                (no ring)

@: brilliant
A: almost no armour, amphibious, 8 rings, camouflage 1, gelatinous body 1,
(nimble swimmer 1), tentacles
a: no special abilities


You were on level 2 of the Dungeon.
You visited 1 branch of the dungeon, and saw 3 of its levels.

You collected 148 gold pieces.

Inventory:

Hand Weapons
 a - a +2 dagger (weapon)
Missiles
 b - 8 poisoned darts (quivered)
 c - 2 curare-tipped darts
Wands
 d - a wand of flame (15)


   Skills:
 - Level 2.0 Fighting
 - Level 2.0 Short Blades
 - Level 2.0 Throwing
 - Level 1.0 Dodging
 + Level 8.7 Stealth


You had 4 spell levels left.
You didn't know any spells.
Your spell library contained the following spells:

 Spells                   Type           Power      Damage    Failure   Level
 Slow                     Hex            0%         N/A       26%         1
 Confusing Touch          Hex            0%         N/A       63%         3
 Vampiric Draining        Necr           0%         2d6       63%         3


Dungeon Overview and Level Annotations

Branches:
Dungeon (3/15)

Altars:

Annotations:
D:3 Robin


Innate Abilities, Weirdness & Mutations

You cannot wear most types of armour.
You are amphibious.
You can wear up to eight rings at the same time.
Your skin changes colour to match your surroundings (Stealth+).
Your rubbery body absorbs attacks. (AC +1, EV +1)
((You are camouflaged near water. (Stealth+)))
You have tentacles for arms and can constrict up to eight enemies at once.


Message History

The goblin is severely wounded.
You constrict the goblin.
You kill the goblin!
The hobgoblin closely misses you. The hobgoblin barely misses you.
You hit the goblin.
You kill the goblin!
The hobgoblin hits you! Robin hits you with a +0 club. The hobgoblin hits you.
* * * LOW HITPOINT WARNING * * *
You aren't carrying any scrolls.
It was a potion of brilliance.
You feel clever all of a sudden. The hobgoblin misses you.
Robin hits you with a +0 club.
* * * LOW HITPOINT WARNING * * *
The hobgoblin misses you.
Things that are here:
a +0 club; a goblin corpse The hobgoblin no longer looks unusually strong.
You see here a wand of flame (15).
d - a wand of flame (15)
The hobgoblin hits you.
* * * LOW HITPOINT WARNING * * *
Robin roars a battlecry!
The hobgoblin goes into a battle-frenzy!
The hobgoblin no longer looks unusually strong.
You see here a jackal skeleton.
Robin roars a battlecry!
The hobgoblin goes into a battle-frenzy!
There is an escape hatch in the ceiling here.
The hobgoblin hits you.
* * * LOW HITPOINT WARNING * * *
A mysterious force pulls you upwards. The hatch slams shut behind you.
You hit the hobgoblin. You grab the hobgoblin.
You squeeze the hobgoblin, but do no damage.
The hobgoblin is lightly wounded.
You constrict the hobgoblin, but do no damage.
The hobgoblin misses you.
You hit the hobgoblin.
The hobgoblin is severely wounded.
You constrict the hobgoblin. The hobgoblin hits you.
You die...

.#.......#.....#.# #.#.#....
.#.##....#.....#.## #.#.#....
.#.##....#.....#..# #.#.#....
##.......#...).##.## #.#.#....
.........#.....##..# #.#'#....
##################.######......##
...........# #..##.........#
##########.# ####'##.........##
.# #.# #@)...#........... .#
#######.# #g....####........ .#
#.......#####.....# #.#......
.###.#####.##........# #.#######
.....# ####...[....####.....###
###### #.........'..........#
#### #.....(...####..##.#.# ...#
#.........##.......#.# ...#
#.........##.#.#.###.#


You could see a hobgoblin (strong).

Vanquished Creatures
  Crazy Yiuf (D:2)
  A centaur skeleton (D:2)
  An adder (D:2)
  A worm (D:3)
  A dart slug (D:1)
  8 ball pythons
  3 bats (D:1)
  2 endoplasms (D:1)
  12 goblins
  6 hobgoblins
  5 jackals
  3 kobolds (D:1)
  A quokka (D:3)
  2 rats
47 creatures vanquished.

Notes
Turn   | Place    | Note
-------+----------+-------------------------------------------
     0 | D:1      | zeram the Octopode Brigand began the quest for the Orb.
     0 | D:1      | Reached XP level 1. HP: 14/14 MP: 1/1
   188 | D:1      | Reached skill level 6 in Stealth
   188 | D:1      | Reached XP level 2. HP: 12/19 MP: 2/2
   650 | D:1      | Found a faded altar of an unknown god.
   890 | D:1      | Reached XP level 3. HP: 24/24 MP: 3/3
  1334 | D:2      | Reached skill level 7 in Stealth
  1360 | D:2      | Found a runed translucent door.
  1361 | D:2      | Noticed Crazy Yiuf
  1429 | D:2      | Reached XP level 4. HP: 26/29 MP: 4/4
  1922 | D:2      | Killed Crazy Yiuf
  1923 | D:2      | Reached skill level 8 in Stealth
  2146 | D:3      | Noticed Robin
  2152 | D:3      | Reached XP level 5. HP: 34/34 MP: 5/5
  2357 | D:2      | Slain by a hobgoblin

Illustrated notes

Levels and vault maps discovered:
D:1:      elethiomel_arrival_maze, layout_basic,
          shapermc_ecumenical_altar_starsandcircs
D:2:      layout_basic, uniq_crazy_yiuf_cottage
D:3:      layout_loops_corners, uniq_robin

Skill      XL: |  1  2  3  4 |
---------------+-------------+-----
Stealth        | 6 7 8 |  8.7
Fighting       | |  2.0
Short Blades   | |  2.0
Throwing       | |  2.0
Dodging        | |  1.0

Action                   |  1- 3 |  4- 6 || total
-------------------------+-------+-------++-------
Melee: Dagger            |    54 |    43 ||    97
       Constrict         |    12 |    10 ||    22
       Tentacles         |     5 |     3 ||     8
  Use: Scroll            |     3 |     1 ||     4
       Potion            |       |     1 ||     1
 Stab: Sleeping          |    11 |     3 ||    14
Armor: Skin              |     6 |     5 ||    11
Dodge: Dodged            |    33 |    28 ||    61

Table legend: (Time is in decaauts)
 A = Elapsed time spent in this place.
 B = Non-inter-level travel time spent in this place.
 C = Inter-level travel time spent in this place.
 D = Time resting spent in this place.
 E = Time spent auto-exploring this place.
 F = Levels seen in this place.
 G = Mean time per level.
                   A        B        C        D        E       F      G
               +--------+--------+--------+--------+--------+-----+--------+
         Total |   2348 |   2285 |     63 |     92 |   1876 |   3 |  782.7 |
       Dungeon |   2348 |   2285 |     63 |     92 |   1876 |   3 |  782.7 |
               +--------+--------+--------+--------+--------+-----+--------+

Top non-repeatable levels by time:
     D:1: 1200 daAuts
     D:2: 862 daAuts
     D:3: 285 daAuts
